ITL
LOUISVILLE BATS @ PORTLAND PRIVATEERS
04/24/2029
 
TOP OF THE 1ST
Louisville Bats batting - Pitching for Portland Privateers : RHP Otis Sykes
Pitching: RHP Otis Sykes
Batting: RHB Enrico Ramos 0-0: Called Strike
0-1: Ball
1-1: Called Strike
1-2: Ball
2-2: Foul Ball, location: 2F
2-2: Ball
3-2: Strikes out looking
Batting: LHB Alex Henderson 0-0: Called Strike
0-1: Ball
1-1: Ground out 4-3 (Groundball, 4)
Batting: RHB Dick Slagboom 0-0: Foul Ball, location: 2F
0-1: Foul Ball, location: 2F
0-2: Fly out, F7 (Flyball, 7LS)
Top of the 1st over - 0 runs, 0 hits, 0 errors, 0 left on base; Louisville 0 - Portland 0
BOTTOM OF THE 1ST
Portland Privateers batting - Pitching for Louisville Bats : LHP Bill Moore
Pitching: LHP Bill Moore
Batting: SHB Patrick Larson 0-0: Ball
1-0: Ball
2-0: Ball
3-0: Base on Balls
Batting: RHB Joe Bailey 0-0: Called Strike
0-1: Swinging Strike
0-2: Foul Ball, location: 2F
0-2: DOUBLE (Line Drive, 89D)
Patrick Larson to third
Batting: LHB Carter Sweet 0-0: Swinging Strike
0-1: Foul Ball, location: 2F
0-2: Ball
1-2: Foul Ball, location: 2F
1-2: Ball
2-2: DOUBLE (Flyball, 89XD)
Patrick Larson scores
Joe Bailey scores
Batting: RHB José Balina 0-0: Called Strike
0-1: Called Strike
0-2: 2-RUN HOME RUN (Line Drive, 7D), Distance : 385 ft
Batting: SHB Cory Campbell 0-0: Called Strike
0-1: Ball
1-1: Ball
2-1: Called Strike
2-2: Fly out, F8 (Flyball, 8LXD)
Batting: RHB César García 0-0: Ball
1-0: Foul Ball, location: 2F
1-1: Ground out 6-3 (Groundball, 6)
Batting: LHB Jeff Dorney 0-0: Foul Ball, location: 2F
0-1: Ball
1-1: Swinging Strike
1-2: Ball
2-2: Strikes out swinging
Bottom of the 1st over - 4 runs, 3 hits, 0 errors, 0 left on base; Louisville 0 - Portland 4
TOP OF THE 2ND
Louisville Bats batting - Pitching for Portland Privateers : RHP Otis Sykes
Batting: RHB Roberto Zamora 0-0: Ball
1-0: Ball
2-0: Called Strike
2-1: Swinging Strike
2-2: Strikes out looking
Batting: RHB Juan García 0-0: Called Strike
0-1: Foul Ball, location: 2F
0-2: Foul Ball, location: 2F
0-2: Ball
1-2: Ball
2-2: Foul Ball, location: 2F
2-2: Foul Ball, location: 2F
2-2: Ball
3-2: SINGLE (Line Drive, 89S)
Batting: RHB Júlio Sánchez 0-0: Called Strike
0-1: Ball
1-1: Ball
2-1: Ball
3-1: Fly out, F7 (Flyball, 7)
Batting: RHB Danny Campbell 0-0: Ball
1-0: Ball
2-0: Fielders Choice at 2nd, 6-4 (Groundball, 6)
Top of the 2nd over - 0 runs, 1 hit, 0 errors, 1 left on base; Louisville 0 - Portland 4
BOTTOM OF THE 2ND
Portland Privateers batting - Pitching for Louisville Bats : LHP Bill Moore
Batting: LHB Dillon Beck 0-0: Called Strike
0-1: Foul Ball, location: 2F
0-2: Strikes out swinging
Batting: LHB Arturo López 0-0: Swinging Strike
0-1: Ground out 6-3 (Groundball, 6M)
Batting: SHB Patrick Larson 0-0: Ball
1-0: SINGLE (Groundball, 23) (infield hit)
Batting: RHB Joe Bailey 0-0: Ball
1-0: Ball
2-0: Ball
Wild Pitch!
Patrick Larson to second
3-0: Called Strike
3-1: Called Strike
3-2: Foul Ball, location: 2F
3-2: SINGLE (Line Drive, 9S)
Patrick Larson to third
Patrick Larson scores
Batting: LHB Carter Sweet 0-0: Called Strike
0-1: SINGLE (Line Drive, 8RS)
Joe Bailey to second
Runner from 2nd tries for 3rd, SAFE, throw made to third
Batting: RHB José Balina 0-0: Fly out, F8 (Flyball, 8RD)
Bottom of the 2nd over - 1 run, 3 hits, 0 errors, 2 left on base; Louisville 0 - Portland 5
TOP OF THE 3RD
Louisville Bats batting - Pitching for Portland Privateers : RHP Otis Sykes
Batting: LHB John Horton 0-0: Ball
1-0: Fly out, F7 (Flyball, 7)
Batting: RHB Luis Peña 0-0: Ground out 5-3 (Groundball, 5S)
Batting: RHB Enrico Ramos 0-0: Ball
1-0: Called Strike
1-1: Swinging Strike
1-2: Strikes out swinging
Top of the 3rd over - 0 runs, 0 hits, 0 errors, 0 left on base; Louisville 0 - Portland 5
BOTTOM OF THE 3RD
Portland Privateers batting - Pitching for Louisville Bats : LHP Bill Moore
Batting: SHB Cory Campbell 0-0: Ball
1-0: Ball
2-0: Foul Ball, location: 2F
2-1: Ball
3-1: Foul Ball, location: 2F
3-2: Strikes out swinging
Batting: RHB César García 0-0: Called Strike
0-1: Fly out, F8 (Flyball, 8LM)
Batting: LHB Jeff Dorney 0-0: DOUBLE (Line Drive, 9LM)
Batting: LHB Dillon Beck 0-0: Ball
1-0: Ground out 6-3 (Groundball, 6)
Bottom of the 3rd over - 0 runs, 1 hit, 0 errors, 1 left on base; Louisville 0 - Portland 5
TOP OF THE 4TH
Louisville Bats batting - Pitching for Portland Privateers : RHP Otis Sykes
Batting: LHB Alex Henderson 0-0: Ball
1-0: Called Strike
1-1: Ball
2-1: Foul Ball, location: 2F
2-2: Ball
3-2: Ground out U3 (Groundball, 3)
Batting: RHB Dick Slagboom 0-0: Ball
1-0: Foul Ball, location: 2F
1-1: Ball
2-1: Fly out, F7 (Flyball, 7S)
Batting: RHB Roberto Zamora 0-0: Called Strike
0-1: Swinging Strike
0-2: Strikes out looking
Top of the 4th over - 0 runs, 0 hits, 0 errors, 0 left on base; Louisville 0 - Portland 5
BOTTOM OF THE 4TH
Portland Privateers batting - Pitching for Louisville Bats : LHP Bill Moore
Batting: LHB Arturo López 0-0: Fly out, F9 (Flyball, 89M)
Batting: SHB Patrick Larson 0-0: Ball
1-0: Ball
2-0: Ball
3-0: Base on Balls
Batting: RHB Joe Bailey 0-0: Ball
1-0: Foul Ball, location: 2F
1-1: Ground out U3 (Groundball, 34)
Patrick Larson to second
Batting: LHB Carter Sweet 0-0: Ball
1-0: Foul Ball, location: 2F
1-1: Ball
2-1: Called Strike
2-2: Strikes out swinging
Bottom of the 4th over - 0 runs, 0 hits, 0 errors, 1 left on base; Louisville 0 - Portland 5
TOP OF THE 5TH
Louisville Bats batting - Pitching for Portland Privateers : RHP Otis Sykes
Batting: RHB Juan García 0-0: Foul Ball, location: 2F
0-1: Swinging Strike
0-2: Ball
1-2: Ball
2-2: Foul Ball, location: 2F
2-2: Ground out 6-3 (Groundball, 6)
Batting: RHB Júlio Sánchez 0-0: Ball
1-0: Foul Ball, location: 2F
1-1: Ground out 1-3 (Groundball, 15S)
Batting: RHB Danny Campbell 0-0: Foul Ball, location: 2F
0-1: SINGLE (Line Drive, 4M)
Batting: LHB John Horton 0-0: Called Strike
Danny Campbell steals 2nd base
0-1: Foul Ball, location: 2F
0-2: SINGLE (Line Drive, 6MD)
Danny Campbell to third
Runner from 3rd tries for Home, SAFE, throw made home
Batting: RHB Luis Peña 0-0: Ball
1-0: SINGLE (Groundball, 6MD)
John Horton to second
Batting: RHB Enrico Ramos 0-0: Called Strike
0-1: Ball
1-1: Ball
2-1: Ball
3-1: Swinging Strike
3-2: SINGLE (Line Drive, 78S)
John Horton to third
Luis Peña to second
John Horton scores
Luis Peña to third
Batting: LHB Alex Henderson 0-0: Ball
1-0: Foul Ball, location: 2F
1-1: Ball
2-1: Fielders Choice at 2nd, 5-4 (Groundball, 5)
Top of the 5th over - 2 runs, 4 hits, 0 errors, 2 left on base; Louisville 2 - Portland 5
BOTTOM OF THE 5TH
Portland Privateers batting - Pitching for Louisville Bats : LHP Bill Moore
Pitching: LHP Carlos Menéndez
Batting: RHB José Balina 0-0: Called Strike
0-1: Called Strike
0-2: Ball
1-2: Fly out, F9 (Flyball, 89M)
Batting: SHB Cory Campbell 0-0: Called Strike
0-1: Foul Ball, location: 2F
0-2: Ball
1-2: Strikes out swinging
Batting: RHB César García 0-0: Swinging Strike
0-1: Ball
1-1: Fly out, F9 (Flyball, 9D)
Bottom of the 5th over - 0 runs, 0 hits, 0 errors, 0 left on base; Louisville 2 - Portland 5
TOP OF THE 6TH
Louisville Bats batting - Pitching for Portland Privateers : RHP Otis Sykes
Batting: RHB Dick Slagboom 0-0: Ball
1-0: Called Strike
1-1: Called Strike
1-2: Ball
2-2: Foul Ball, location: 2F
2-2: Ball
3-2: Fly out, F8 (Flyball, 8LD)
Batting: RHB Roberto Zamora 0-0: Ball
1-0: Ball
2-0: Ball
3-0: Called Strike
3-1: Swinging Strike
3-2: SINGLE (Line Drive, 5)
Batting: RHB Juan García 0-0: Ball
1-0: Called Strike
1-1: Called Strike
1-2: Ball
2-2: Ball
3-2: Foul Ball, location: 2F
3-2: Foul Ball, location: 2F
3-2: Fly out, F5 (Line Drive, 5)
Pitching: RHP Carlos Molina
Batting: RHB Júlio Sánchez 0-0: Foul Ball, location: 2F
0-1: SINGLE (Groundball, 56D)
Roberto Zamora to second
Batting: RHB Danny Campbell 0-0: DOUBLE (Flyball, 89D)
Roberto Zamora scores
Júlio Sánchez to third
Runner from 3rd tries for Home, SAFE, throw made at trailing runner, OUT at third!
Top of the 6th over - 2 runs, 3 hits, 0 errors, 0 left on base; Louisville 4 - Portland 5
BOTTOM OF THE 6TH
Portland Privateers batting - Pitching for Louisville Bats : LHP Carlos Menéndez
Batting: LHB Jeff Dorney 0-0: Swinging Strike
0-1: Ball
1-1: Foul Ball, location: 2F
1-2: Strikes out swinging
Batting: LHB Dillon Beck 0-0: Foul Ball, location: 2F
0-1: Called Strike
0-2: Fly out, F9 (Flyball, 89M)
Batting: LHB Arturo López 0-0: Called Strike
0-1: SINGLE (Flyball, 7S)
Batting: SHB Patrick Larson Pickoff Throw to First - Out!
Bottom of the 6th over - 0 runs, 1 hit, 0 errors, 0 left on base; Louisville 4 - Portland 5
TOP OF THE 7TH
Louisville Bats batting - Pitching for Portland Privateers : RHP Carlos Molina
Pitching: LHP Jaime Ayala
Batting: LHB John Horton 0-0: Ball
1-0: Called Strike
1-1: Foul Ball, location: 2F
1-2: Ball
2-2: Hit by Pitch
Pitching: RHP José García
Pinch Hitting: SHB Dave Henley 0-0: Ball
1-0: Ball
2-0: Fielders Choice at 2nd, 1-6 (Groundball, 13S)
Batting: RHB Enrico Ramos 0-0: Called Strike
0-1: Ball
1-1: Ball
2-1: SINGLE (Groundball, 4MD)
Dave Henley to second
Runner from 2nd tries for 3rd, SAFE, throw made to third
Batting: LHB Alex Henderson 0-0: Ball
1-0: Foul Ball, location: 2F
1-1: Ball
2-1: Fly out, F8 (Flyball, 8RXD)
Runner from 3rd tags up, SCORES, no throw
Batting: RHB Dick Slagboom 0-0: Ball
1-0: Ball
2-0: Foul Ball, location: 2F
2-1: Ball
3-1: Foul Ball, location: 2F
3-2: Foul Ball, location: 2F
3-2: Fly out, F8 (Flyball, 8RM)
Top of the 7th over - 1 run, 1 hit, 0 errors, 1 left on base; Louisville 5 - Portland 5
BOTTOM OF THE 7TH
Portland Privateers batting - Pitching for Louisville Bats : LHP Carlos Menéndez
Now in RF: George Smith
Batting: SHB Patrick Larson 0-0: Ground out 5-3 (Groundball, 56S)
Batting: RHB Joe Bailey 0-0: Called Strike
0-1: Foul Ball, location: 2F
0-2: Ball
1-2: Strikes out swinging
Batting: LHB Carter Sweet 0-0: Ball
1-0: Foul Ball, location: 2F
1-1: Called Strike
1-2: Strikes out swinging
Bottom of the 7th over - 0 runs, 0 hits, 0 errors, 0 left on base; Louisville 5 - Portland 5
TOP OF THE 8TH
Louisville Bats batting - Pitching for Portland Privateers : RHP José García
Pitching: LHP Josh Chamberlain
Batting: RHB Roberto Zamora 0-0: Swinging Strike
0-1: Ground out 5-3 (Groundball, 56)
Batting: RHB Juan García 0-0: SINGLE (Groundball, 56S) (infield hit)
Pinch Runner at 1st Greg King:
Batting: RHB Júlio Sánchez 0-0: Ball
1-0: Called Strike
1-1: Swinging Strike
1-2: Ball
2-2: Ground out U3 (Groundball, 34)
Greg King to second
Batting: RHB Danny Campbell 0-0: Called Strike
0-1: Foul Ball, location: 2F
0-2: Strikes out swinging
Top of the 8th over - 0 runs, 1 hit, 0 errors, 1 left on base; Louisville 5 - Portland 5
BOTTOM OF THE 8TH
Portland Privateers batting - Pitching for Louisville Bats : LHP Carlos Menéndez
Now at 2B: Greg King
Batting: RHB José Balina 0-0: Called Strike
0-1: Called Strike
0-2: Strikes out swinging
Pinch Hitting: RHB Luis Pineda 0-0: Ball
1-0: SINGLE (Line Drive, 89S)
Batting: RHB César García 0-0: Ball
1-0: Fly out, F6 (Line Drive, 6)
Batting: LHB Jeff Dorney 0-0: Ball
Wild Pitch!
Luis Pineda to second
1-0: Ball
2-0: Fly out, F7 (Line Drive, 7LS)
Bottom of the 8th over - 0 runs, 1 hit, 0 errors, 1 left on base; Louisville 5 - Portland 5
TOP OF THE 9TH
Louisville Bats batting - Pitching for Portland Privateers : LHP Josh Chamberlain
Now at 2B: Luis Pineda
Pinch Hitting: RHB Vicente Vélez 0-0: Ball
1-0: Ball
2-0: Ball
3-0: Called Strike
3-1: Called Strike
3-2: Foul Ball, location: 2F
3-2: Foul Ball, location: 2F
3-2: Foul Ball, location: 2F
3-2: Ground out 5-3 (Groundball, 56)
Pinch Hitting: RHB John Denton 0-0: Ball
1-0: Ball
2-0: Called Strike
2-1: Ball
3-1: Foul Ball, location: 2F
3-2: Foul Ball, location: 2F
3-2: Foul Ball, location: 2F
3-2: SINGLE (Groundball, 4MD)
Batting: RHB Enrico Ramos 0-0: Called Strike
0-1: Ball
1-1: Foul Ball, location: 2F
1-2: Foul Ball, location: 2F
1-2: Foul Ball, location: 2F
1-2: Foul Ball, location: 2F
1-2: Foul Ball, location: 2F
1-2: Foul Ball, location: 2F
1-2: Foul Ball, location: 2F
1-2: Strikes out swinging
Batting: LHB Alex Henderson 0-0: Ball
1-0: Reached on error, E1 (Groundball, 13)
John Denton to third
Batting: RHB Dick Slagboom 0-0: Called Strike
0-1: Called Strike
0-2: Strikes out swinging
Top of the 9th over - 0 runs, 1 hit, 1 error, 2 left on base; Louisville 5 - Portland 5
BOTTOM OF THE 9TH
Portland Privateers batting - Pitching for Louisville Bats : LHP Carlos Menéndez
Pitching: RHP Tom McConnell
Now at C: Jeff Forsyth
Now in RF: John Denton
Batting: LHB Dillon Beck 0-0: SINGLE (Groundball, 4MD)
Batting: LHB Arturo López 0-0: Ball
1-0: Ball
2-0: Sac Bunt - play at first, batter OUT! 1-4
Dillon Beck to second
Batting: SHB Patrick Larson 0-0: Ball
1-0: Foul Ball, location: 2F
1-1: Ball
2-1: Foul Ball, location: 2F
2-2: SINGLE (Line Drive, 6D)
Dillon Beck to third
Runner from 3rd tries for Home, SAFE, throw made home
Saturday, December 16th, 2017 - OOTP Baseball 18.8 Build 76